AoeStats
← Zodiac

Black Forest

509934590Analyzed
4v4 RM · 4d ago on Sep 28, 2026· 55m 1s· 8 players
Game mode
Random Map
Map size
Large (8 player)
Population
200
Speed
Normal
Resources
Standard
Victory
Conquest
Starting age
Dark Age
Ending age
Imperial Age
RankedLock teamsTeams togetherTeam positionsShared explorationLock speedFull tech treeHidden civsTurbo modeCheats
Victory
Defeat
🇫🇷 Mongols · France
1110
+11
🇰🇬 Franks · Kyrgyzstan
1110
+11
🇮🇹 Malay · Italy
1079
+13
🇨🇿 Bengalis · Czechia
1066
+13
🇨🇭 Ethiopians · Switzerland
1030
-13
🇨🇭 Persians · Switzerland
1020
-13
🇩🇪 Franks · Germany
1005
-12
🇨🇭 Bohemians · Switzerland
960
-10
Dark Sniper 0
0:46 Loom
0:53 Loom
13:44 Feudal Age
20:31 Castle Age
20:34 Double-Bit Axe
31:37 Imperial Age
30:09 Forging
30:07 Scale Barding Armor
31:59 Iron Casting
32:02 Wheelbarrow
34:42 Blast Furnace
38:19 Elite Battle Elephant
39:22 Pikeman
39:25 Man-at-Arms
41:07 Forced Levy
41:27 Long Swordsman
42:08 Long Swordsman
44:39 Two-Handed Swordsman
44:41 Pikeman
45:26 Halberdier
Zodiac
1:47 Loom
11:20 Feudal Age
11:56 Double-Bit Axe
13:49 Horse Collar
17:35 Castle Age
20:04 Bow Saw
24:20 Fortified Wall
26:01 Wheelbarrow
25:12 Town Watch
27:36 Gold Mining
27:37 Stone Mining
32:07 Imperial Age
30:03 Hand Cart
30:43 Ballistics
30:35 Heavy Plow
30:34 Fletching
31:29 Murder Holes
31:44 Masonry
31:48 Devotion
33:24 Crop Rotation
34:02 Chemistry
33:12 Bodkin Arrow
33:19 Padded Archer Armor
34:10 Elite Skirmisher
35:22 Bracer
35:39 Leather Archer Armor
36:54 Two-Man Saw
36:00 Elite Elephant Archer
37:21 Architecture
37:50 Ring Archer Armor
37:58 Gold Shaft Mining
40:29 Bloodlines
40:21 Husbandry
46:30 Conscription
46:39 Paiks
46:57 Mahayana
jawsy_
7:42 Loom
11:02 Feudal Age
15:19 Castle Age
13:54 Double-Bit Axe
13:52 Horse Collar
16:56 Bow Saw
16:48 Heavy Plow
21:49 Wheelbarrow
25:47 Stone Mining
25:47 Gold Mining
29:22 Imperial Age
29:32 Imperial Age
26:58 Fletching
27:08 Padded Archer Armor
27:14 Scale Barding Armor
27:20 Forging
27:36 Ballistics
28:19 Gold Shaft Mining
28:19 Stone Shaft Mining
28:31 Hand Cart
28:17 Bodkin Arrow
28:38 Leather Archer Armor
29:50 Bloodlines
29:40 Husbandry
29:01 Light Cavalry
30:05 Chain Barding Armor
29:55 Thumb Ring
30:38 Bracer
31:43 Chemistry
31:13 Parthian Tactics
31:42 Iron Casting
30:59 Elite Mangudai
32:06 Conscription
31:31 Hussar
36:00 Blast Furnace
36:16 Caravan
Te0n
5:19 Loom
12:05 Feudal Age
16:29 Castle Age
14:38 Double-Bit Axe
17:53 Bow Saw
19:25 Wheelbarrow
22:15 Hand Cart
24:32 Stone Mining
24:35 Gold Mining
25:52 Gold Shaft Mining
25:20 Scale Mail Armor
25:30 Forging
27:19 Chain Mail Armor
27:39 Iron Casting
28:57 Iron Casting
31:16 Imperial Age
30:12 Squires
29:57 Gambesons
29:58 Arson
29:35 Pikeman
30:25 Scale Barding Armor
30:57 Treadmill Crane
31:29 Fortified Wall
31:41 Ballistics
31:50 Chain Barding Armor
31:21 Fletching
31:34 Fletching
31:42 Elite Throwing Axeman
33:13 Plate Mail Armor
33:43 Blast Furnace
33:55 Blast Furnace
34:17 Conscription
34:02 Chivalry
34:40 Hoardings
34:01 Halberdier
37:39 Chemistry
36:47 Siege Engineers
36:53 Masonry
36:48 Cavalier
37:29 Husbandry
37:54 Chain Barding Armor
38:23 Bodkin Arrow
42:39 Architecture
42:05 Murder Holes
41:56 Arrowslits
Zack! Bonani!
4:50 Loom
12:38 Feudal Age
13:16 Double-Bit Axe
18:31 Castle Age
16:25 Gold Mining
19:07 Wheelbarrow
21:00 Hand Cart
21:48 Gold Shaft Mining
28:03 Imperial Age
26:37 Bow Saw
29:44 Chemistry
28:58 Fletching
29:10 Padded Archer Armor
29:13 Squires
31:43 Bodkin Arrow
32:03 Leather Archer Armor
36:46 Pikeman
38:17 Fortified Wall
38:20 Forging
38:10 Scale Mail Armor
37:37 Halberdier
41:27 Ballistics
41:03 Murder Holes
42:29 Cavalier
43:10 Husbandry
43:17 Scale Barding Armor
43:48 Iron Casting
43:56 Paladin
46:53 Chain Barding Armor
47:39 Conscription
48:22 Blast Furnace
47:51 Caravan
BabaKusio
0:37 Loom
13:08 Feudal Age
14:13 Double-Bit Axe
14:12 Horse Collar
17:43 Town Watch
20:52 Castle Age
25:25 Bow Saw
25:17 Heavy Plow
26:35 Wheelbarrow
27:22 Gold Mining
27:22 Stone Mining
28:32 Hand Cart
34:01 Imperial Age
32:11 Fletching
34:12 Squires
34:10 Bodkin Arrow
34:15 Scale Mail Armor
34:26 Forging
35:51 Chemistry
35:13 Ballistics
35:00 Siege Engineers
35:07 Masonry
35:08 Fortified Wall
35:20 Torsion Engines
35:41 Conscription
37:13 Heavy Scorpion
37:23 Halberdier
41:42 Chain Mail Armor
45:55 Caravan
48:43 Plate Mail Armor
48:49 Iron Casting
49:02 Elite Shotel Warrior
53:44 Elite Shotel Warrior
Mr. Stone
2:00 Loom
12:32 Feudal Age
17:25 Castle Age
15:54 Horse Collar
16:05 Double-Bit Axe
24:05 Wheelbarrow
24:35 Heavy Plow
24:47 Bow Saw
28:47 Hand Cart
28:19 Town Watch
29:00 Ballistics
28:55 Forging
30:02 Caravan
31:42 Chemistry
34:05 Imperial Age
32:05 Fletching
34:09 Houfnice
34:22 Pikeman
35:42 Iron Casting
35:08 Scale Mail Armor
35:44 Halberdier
37:38 Bodkin Arrow
39:20 Blast Furnace
48:33 Two-Man Saw
48:18 Chain Mail Armor
Timet47
12:01 Feudal Age
15:30 Castle Age
13:28 Double-Bit Axe
16:43 Fishing Lines
18:03 Bow Saw
18:53 Horse Collar
20:34 Gillnets
24:01 Wheelbarrow
31:31 Imperial Age
28:46 Loom
29:17 Hand Cart
28:47 Town Watch
29:34 Heavy Plow
29:49 Forging
29:45 Scale Barding Armor
33:15 Iron Casting
33:00 Chain Barding Armor
33:31 Bloodlines
33:21 Husbandry
32:42 Cavalier
33:50 Gold Mining
33:51 Stone Mining
34:12 Savar
36:05 Caravan
37:08 Plate Barding Armor
37:34 Blast Furnace
37:01 Heavy Camel Rider
44:14 Gold Shaft Mining
44:18 Crop Rotation
44:51 Two-Man Saw
49:26 Crossbowman
50:11 Thumb Ring
49:58 Fletching
50:09 Padded Archer Armor
52:47 Kamandaran
Connection lost

Rejoining the realm…

Still unreachable

The connection could not be restored.

Session expired

The server has moved on; the page needs a fresh start.